[Event "*** Titled Tuesday Blitz"]
[Site "Chess.com"]
[Date "2020.11.10"]
[Round "1"]
[White "GrigorGrigorov"]
[Black "Bodnar_Mykola"]
[Result "1-0"]
[WhiteElo "2741"]
[BlackElo "2385"]
[TimeControl "180+1"]
[EndTime "10:05:27 PST"]
[Termination "GrigorGrigorov won by resignation"]

1. d4 Nf6 2. c4 e6 3. Nf3 d5 4. g3 dxc4 5. Bg2 Bd7 6. Ne5 Bc6 7. Nxc6 Nxc6 8. e3 Qd7 9. O-O O-O-O 10. Nd2 e5 11. Nxc4 exd4 12. Qa4 Bc5 13. Qb5 Bb6 14. a4 dxe3 15. Bxe3 Nd4 16. Nxb6+ axb6 17. Bxd4 Qxd4 18. a5 Qc5 19. Qb3 Kb8 20. a6 c6 21. axb7 Kxb7 22.
Rfc1 Qd6 23. Rxc6 Qxc6 24. Bxc6+ Kxc6 25. Qxf7 Rd7 26. Rc1+ Kb7 27. Qe6 1-0

[Event "*** Titled Tuesday Blitz"]
[Site "Chess.com"]
[Date "2020.11.10"]
[Round "1"]
[White "ailime26"]
[Black "Gerodot71"]
[Result "0-1"]
[WhiteElo "1943"]
[BlackElo "2494"]
[TimeControl "180+1"]
[EndTime "10:05:28 PST"]
[Termination "Gerodot71 won by resignation"]

1. e4 e5 2. Nf3 Nc6 3. Nc3 Nf6 4. d4 exd4 5. Nxd4 Bb4 6. Nxc6 bxc6 7. Bd3 O-O 8. O-O d5 9. exd5 cxd5 10. Qf3 c6 11. Bg5 h6 12. Bxf6 Qxf6 13. Qxf6 gxf6 14. Ne2 Bd6 15.
Nd4 Bd7 16. Bf5 Be8 17. Rfe1 c5 18. Nf3 Bc6 19. b3 a5 20. Nh4 Be5 21. Rad1 a4 22.
g3 axb3 23. axb3 Ra2 24. f4 Bd4+ 25. Kg2 Rb8 26. Bd3 c4 27. bxc4 dxc4+ 28. Kh3 cxd3 0-1

[Event "*** Titled Tuesday Blitz"]
[Site "Chess.com"]
[Date "2020.11.10"]
[Round "1"]
[White "davigator"]
[Black "emperor87"]
[Result "1-0"]
[WhiteElo "2390"]
[BlackElo "2708"]
[TimeControl "180+1"]
[EndTime "10:05:29 PST"]
[Termination "davigator won by resignation"]

1. e4 c6 2. d4 d5 3. e5 Bf5 4.
h4 h5 5. c4 e6 6. Nc3 Nd7 7.
Be2 dxc4 8. Bxc4 Ne7 9. Nge2 Nd5 10. Bd3 Bxd3 11. Qxd3 Be7 12. g3 g6 13. Ne4 Kf8 14.
O-O Kg7 15. Bg5 Bxg5 16. Nxg5 Qe7 17. Rac1 Rac8 18. a3 c5 19. Qe4 N7b6 20. Qf3 c4 21.
Ne4 Rc6 22. Rc2 Nc8 23. Rfc1 b5 24. Nf4 Ncb6 25. Ne2 a5 26. Nd6 Rxd6 27. exd6 Qxd6 28. Qe4 b4 29. axb4 axb4 30. Ra1 Rc8 31. Ra6 Qe7 32.
Qe5+ Qf6 33. Kg2 Nd7 34. Qd6 Nb8 35. Ra7 Qf5 36. Qe5+ Qxe5 37. dxe5 Rc5 38. Nd4 Nc6 39. Nxe6+ 1-0

[Event "*** Titled Tuesday Blitz"]
[Site "Chess.com"]
[Date "2020.11.10"]
[Round "1"]
[White "zmeeed67"]
[Black "Gajuchess"]
[Result "0-1"]
[WhiteElo "2377"]
[BlackElo "2731"]
[TimeControl "180+1"]
[EndTime "10:05:31 PST"]
[Termination "Gajuchess won by resignation"]

1. e4 c5 2. g3 Nc6 3. Bg2 g6 4. Ne2 Bg7 5. O-O d6 6. Nbc3 Nf6 7. a3 O-O 8. Rb1 c4 9. d3 cxd3 10. cxd3 Bd7 11. b4 Rc8 12. Bb2 Ne5 13. h3 Qb6 14.
Kh2 Qa6 15. b5 Bxb5 16. Nxb5 Qxb5 17. f4 Neg4+ 18. hxg4 Nxg4+ 19. Kg1 Bxb2 20. Qd2 Qh5 21. Rf3 Bg7 22. Rxb7 Rc5 23. d4 Rc4 24. Rb4 Rc7 25. e5 Rfc8 26. Rfb3 Rc2 27. Qe1 Rxe2 28. Qxe2 Qh2+ 29.
Kf1 Rc1+ 0-1

[Event "*** Titled Tuesday Blitz"]
[Site "Chess.com"]
[Date "2020.11.10"]
[Round "1"]
[White "Paralinch"]
[Black "ambaixador"]
[Result "0-1"]
[WhiteElo "2812"]
[BlackElo "2431"]
[TimeControl "180+1"]
[EndTime "10:05:37 PST"]
[Termination "ambaixador won by checkmate"]

1. e4 c6 2. d4 d5 3. Nd2 dxe4 4. Nxe4 Nf6 5. Nxf6+ exf6 6. Bc4 Bd6 7. Qe2+ Qe7 8.
Qxe7+ Kxe7 9. Ne2 Nd7 10. Bf4 Bxf4 11. Nxf4 Nb6 12. Bd3 Rd8 13. c3 g6 14. O-O-O f5 15.
h4 Kf6 16. Rhe1 Bd7 17. Re5 Re8 18. Rde1 Rxe5 19. Rxe5 Be6 20. b3 Rd8 21. Ra5 a6 22.
Bc2 h6 23. Nd3 Nd5 24. Kb2 Bc8 25. c4 Nc7 26. Kc3 Ne6 27. d5 b6 28. dxe6 bxa5 29. exf7 Be6 30. Nc5 Bxf7 31. Nxa6 g5 32. hxg5+ hxg5 33. Nc5 g4 34. g3 Rh8 35. Nd3 Rh2 36. Kd4 Bg6 37. Ke3 f4+ 38. gxf4 g3 39. fxg3 Rxc2 40. Ne5 Rxa2 41. g4 Rb2 42. g5+ Kf5 43. Nxc6 Rxb3+ 44. Kd2 Kxf4 45. Nxa5 Rd3+ 46. Ke2 Ra3 47. Nc6 Ra2+ 48.
Kd1 Ke3 49. Ne5 Ra1# 0-1

[Event "*** Titled Tuesday Blitz"]
[Site "Chess.com"]
[Date "2020.11.10"]
[Round "1"]
[White "Promacherr"]
[Black "tteshan"]
[Result "1-0"]
[WhiteElo "2706"]
[BlackElo "2358"]
[TimeControl "180+1"]
[EndTime "10:05:37 PST"]
[Termination "Promacherr won by resignation"]

1. e4 c5 2. Nf3 Nc6 3. c3 d5 4. exd5 Qxd5 5. d4 Nf6 6. Na3 e6 7. Nb5 Qd7 8. Bg5 cxd4 9. Nbxd4 Nd5 10. Nxc6 bxc6 11. Bc4 Bd6 12. O-O O-O 13. Qe2 h6 14.
Bh4 Nf4 15. Qc2 a5 16. Rad1 Qc7 17. Qd2 Nd5 18. a3 Bf4 19. Qd4 e5 20. Qe4 Be6 21.
g3 f5 22. Qe2 Bg5 23. Bxg5 hxg5 24. Nxg5 Bf7 25. Nxf7 Rxf7 26. Rxd5 cxd5 27. Bxd5 Rd8 28.
Rd1 Kf8 29. Bxf7 Rxd1+ 30. Qxd1 Kxf7 31. Qd5+ Kf6 32. Kg2 Qb6 33. b4 axb4 34. axb4 e4 35. Qd4+ Qxd4 36. cxd4 Ke6 37. Kf1 g5 38. Ke2 Kd5 39.
b5 f4 40. gxf4 gxf4 41. h4 1-0

[Event "*** Titled Tuesday Blitz"]
[Site "Chess.com"]
[Date "2020.11.10"]
[Round "1"]
[White "Gogolev_Artemy"]
[Black "Quiet_Desperation"]
[Result "1-0"]
[WhiteElo "2475"]
[BlackElo "1715"]
[TimeControl "180+1"]
[EndTime "10:05:37 PST"]
[Termination "Gogolev_Artemy won by resignation"]

1. Nf3 d5 2. c4 c6 3. g3 Nf6 4.
Bg2 Bg4 5. Ne5 Bf5 6. cxd5 cxd5 7. Qb3 Nc6 8. Nxc6 bxc6 9. d3 e5 10. Bg5 Be7 11. Qc3 Qd6 12. Nd2 O-O 13. O-O h6 14. Bxf6 Bxf6 15. e4 Be6 16. Rac1 Rfc8 17. Nb3 Bg5 18.
Rc2 d4 19. Qc5 Qc7 20. Qa5 Bxb3 21. Qxc7 Rxc7 22. axb3 Rb8 23. f4 exf4 24. gxf4 Be7 25. e5 c5 26. Bd5 g6 27. Rg2 Kg7 28. Kf2 Rb6 29. Kf3 Kh7 30. Bxf7 Bg5 31. e6 1-0

[Event "*** Titled Tuesday Blitz"]
[Site "Chess.com"]
[Date "2020.11.10"]
[Round "1"]
[White "asms9699"]
[Black "nitpicker"]
[Result "1-0"]
[WhiteElo "2552"]
[BlackElo "2199"]
[TimeControl "180+1"]
[EndTime "10:05:38 PST"]
[Termination "asms9699 won by resignation"]

1. c4 e5 2. g3 Nf6 3. Bg2 d5 4. cxd5 Nxd5 5. Nc3 Nf6 6. Nf3 Nc6 7. O-O Be7 8. b3 O-O 9. Bb2 Re8 10. Rc1 h6 11. d3 Bf8 12. Qd2 Be6 13. Rfd1 Nd5 14. Nxd5 Bxd5 15. e4 Be6 16. Nxe5 Nxe5 17. Bxe5 Bg4 18. Bxc7 Qd4 19. Rc4 Qd7 20. Rdc1 Rac8 21. Bf4 Rcd8 22. Rc7 Qb5 23. d4 Bb4 24. Qe3 Ba5 25. R7c5 Qa6 26. Bf1 Qb6 27. Bc7 Be2 1-0

[Event "*** Titled Tuesday Blitz"]
[Site "Chess.com"]
[Date "2020.11.10"]
[Round "1"]
[White "Federtiu"]
[Black "salomez"]
[Result "1-0"]
[WhiteElo "2532"]
[BlackElo "2149"]
[TimeControl "180+1"]
[EndTime "10:05:39 PST"]
[Termination "Federtiu won by resignation"]

1. e4 c5 2. Nf3 e6 3. d4 cxd4 4. Nxd4 Nf6 5. Nc3 Nc6 6. Ndb5 d6 7. Bf4 e5 8. Bg5 a6 9. Na3 b5 10. Nd5 Be7 11. Bxf6 Bxf6 12. c4 Nd4 13. cxb5 Be6 14.
bxa6 Bxd5 15. exd5 Qa5+ 16. Qd2 Bd8 17. Qxa5 Bxa5+ 18. Kd1 Ke7 19. Nc2 Bb6 20. Rc1 Rhb8 21. f3 Nf5 22.
Bd3 g6 23. Ke2 Bd4 24. b3 Bc5 25. g4 Ng7 26. Rb1 Ne8 27. b4 Bb6 28. a4 Nc7 29. a5 Ba7 30. Bc4 1-0

[Event "*** Titled Tuesday Blitz"]
[Site "Chess.com"]
[Date "2020.11.10"]
[Round "1"]
[White "Oligan22"]
[Black "Zhuu96"]
[Result "0-1"]
[WhiteElo "2445"]
[BlackElo "2886"]
[TimeControl "180+1"]
[EndTime "10:05:42 PST"]
[Termination "Zhuu96 won on time"]

1. e4 g6 2. d4 Bg7 3. Nc3 d6 4. f4 a6 5. Nf3 b5 6. e5 Bb7 7.
Be3 Nd7 8. Bd3 c5 9. Be4 Qc8 10.
dxc5 dxe5 11. fxe5 Nxe5 12. O-O Nc4 13. Bd4 e5 14.
Bxb7 Qxb7 15. Re1 O-O-O 16. b3 exd4 17. Ne4 f5 18. Neg5 Ne3 19. Qd3 Qd5 20. c4 Qd7 21. cxb5 Qxb5 22. Qxb5 axb5 23. Nf7 Nh6 24. Nxh8 Bxh8 25.
Rac1 Nf7 26. b4 f4 27. Kf2 d3 28. Nd2 Bb2 29. Rb1 Bc3 30. Nf3 d2 31. Red1 Bxb4 0-1

[Event "*** Titled Tuesday Blitz"]
[Site "Chess.com"]
[Date "2020.11.10"]
[Round "1"]
[White "suyu28"]
[Black "BJthechessgod"]
[Result "1-0"]
[WhiteElo "2630"]
[BlackElo "2308"]
[TimeControl "180+1"]
[EndTime "10:05:44 PST"]
[Termination "suyu28 won by resignation"]

1. e4 c5 2. Nc3 Nc6 3. Bb5 Nd4 4. Nf3 Nxb5 5. Nxb5 a6 6. Nc3 g6 7. d4 cxd4 8. Qxd4 Nf6 9. e5 Ng8 10. Nd5 Bg7 11. Qc4 Kf8 12. O-O b5 13. Qd3 Bb7 14. Bg5 h6 15. Bh4 g5 16. Bg3 Rc8 17. Rad1 Bxd5 18.
Qxd5 Rxc2 19. Qb7 Rc7 20. Qxa6 g4 21. Nd4 b4 22. Rc1 h5 23. Bf4 Bh6 24. Rxc7 Qxc7 25. Rc1 Qxc1+ 26. Bxc1 Bxc1 27. Qc8+ Kg7 28. Qxc1 Nh6 29.
Qg5+ Kh7 30. Qxh5 Rg8 31. Nf5 Rg6 32. a4 e6 33. Nxh6 Rxh6 34. Qxg4 Kh8 35. a5 Rg6 36. Qh4+ Kg7 37. a6 Rh6 38. Qg3+ Rg6 39. Qf3 Rg5 40.
a7 Rxe5 41. h4 Ra5 42. a8=Q Ra1+ 43. Kh2 Rxa8 44. Qxa8 1-0

[Event "*** Titled Tuesday Blitz"]
[Site "Chess.com"]
[Date "2020.11.10"]
[Round "1"]
[White "mbachez"]
[Black "penguingm1"]
[Result "0-1"]
[WhiteElo "2406"]
[BlackElo "2824"]
[TimeControl "180+1"]
[EndTime "10:05:45 PST"]
[Termination "penguingm1 won by resignation"]

1. e4 e5 2. Nf3 Nc6 3. Bb5 Bc5 4. c3 Qf6 5. d3 Nge7 6. Be3 Bb6 7.
Nbd2 O-O 8. Nc4 d6 9. Bxb6 axb6 10. Ne3 Be6 11. Bc4 Qg6 12. O-O Kh8 13. Nh4 Qg5 14. Nf3 Qh6 15. Qd2 f5 16. Nxf5 Qxd2 17. Nxd2 Bxc4 18. dxc4 Nxf5 19. exf5 Rxf5 20. f3 Nd8 21.
Ne4 Ne6 22. a4 g5 23. b4 Kg7 24. Rfd1 g4 25. Ng3 Rg5 26. Ne4 Rg6 27. fxg4 Rxg4 28.
Re1 h5 29. h3 Rf4 30. Ng3 Rxc4 31. Nxh5+ Kg6 32. Ng3 Rxc3 33. Ne4 Rc4 34. a5 Rxb4 35. Rf1 Rxe4 0-1

[Event "*** Titled Tuesday Blitz"]
[Site "Chess.com"]
[Date "2020.11.10"]
[Round "1"]
[White "TimofeevAr"]
[Black "freshfoodcompany"]
[Result "1-0"]
[WhiteElo "2843"]
[BlackElo "2418"]
[TimeControl "180+1"]
[EndTime "10:05:46 PST"]
[Termination "TimofeevAr won by resignation"]

1. c4 e6 2. Nc3 d5 3. d4 c6 4. Nf3 Nf6 5. e3 Nbd7 6. Be2 Be7 7.
O-O dxc4 8. a4 O-O 9. a5 c5 10. Bxc4 cxd4 11. Qxd4 b6 12. a6 Nc5 13. b4 Qxd4 14. Nxd4 Nce4 15. Nc6 Bd6 16. Nxe4 Nxe4 17. Rd1 Bd7 18. b5 Bxc6 19. bxc6 Be5 20. Ba3 Rfc8 21. Rac1 Rxc6 22. Bb5 Rxc1 23. Rxc1 Bd6 24. Bb2 Bc5 25. Bc6 Rd8 26. Bxe4 Rd2 27. Bd4 f5 28. Bxc5 fxe4 29. Bd4 Ra2 30. Ra1 Rc2 31. Bxb6 axb6 32. a7 Rc8 33. a8=Q Rxa8 34. Rxa8+ 1-0

[Event "*** Titled Tuesday Blitz"]
[Site "Chess.com"]
[Date "2020.11.10"]
[Round "1"]
[White "Volodar_Murzin"]
[Black "Nils_03"]
[Result "1-0"]
[WhiteElo "2573"]
[BlackElo "2247"]
[TimeControl "180+1"]
[EndTime "10:05:46 PST"]
[Termination "Volodar_Murzin won by resignation"]

1. e4 e5 2. Nf3 Nc6 3. d4 exd4 4. Nxd4 Bc5 5. Nxc6 Qf6 6. Qf3 Qxf3 7. gxf3 dxc6 8. Be3 Bb6 9. Nd2 Be6 10. Rg1 g6 11. a4 O-O-O 12. a5 Bxe3 13. fxe3 Ne7 14. Bd3 c5 15.
Bc4 Nc6 16. Bxe6+ fxe6 17. Nc4 Rhf8 18. Ke2 b5 19. axb6 cxb6 20. e5 Kb8 21. f4 Nb4 22. c3 Nd5 23. Nd6 a5 24. Ne4 Kb7 25. Ng5 Nc7 26. h4 Kc6 27. Rh1 Rd7 28. Rad1 Rfd8 29. Nxh7 c4 30. Rxd7 Rxd7 31. Nf8 Rg7 32. Rg1 Rh7 33. Nxh7 1-0

[Event "*** Titled Tuesday Blitz"]
[Site "Chess.com"]
[Date "2020.11.10"]
[Round "1"]
[White "VladimirPotkin"]
[Black "ChronicUnhappiness"]
[Result "1-0"]
[WhiteElo "2644"]
[BlackElo "2316"]
[TimeControl "180+1"]
[EndTime "10:05:48 PST"]
[Termination "VladimirPotkin won by resignation"]

1. Nf3 Nf6 2. c4 e6 3. Nc3 d5 4.
e3 Be7 5. b3 O-O 6. Bb2 c5 7.
cxd5 exd5 8. d4 Nc6 9. Be2 Bg4 10. dxc5 Bxc5 11. O-O Rc8 12. h3 Be6 13. Rc1 Bd6 14. Nb5 Bb8 15. Nbd4 Qd7 16. Nxc6 bxc6 17. Ne5 Qd6 18. Ba6 Rc7 19. Qf3 Ne4 20. Rfd1 Rd8 21. Bd3 Nf6 22. Qg3 c5 23. Qh4 Qe7 24. Ng4 Nxg4 25.
Qxh7+ 1-0

[Event "*** Titled Tuesday Blitz"]
[Site "Chess.com"]
[Date "2020.11.10"]
[Round "1"]
[White "Azerichess"]
[Black "Oglob71"]
[Result "1-0"]
[WhiteElo "2966"]
[BlackElo "2461"]
[TimeControl "180+1"]
[EndTime "10:05:49 PST"]
[Termination "Azerichess won by resignation"]

1. Nf3 c5 2. a3 Nf6 3. b4 b6 4. Bb2 e6 5. e3 Nc6 6. b5 Na5 7. c4 Be7 8. g4 O-O 9. g5 Ne8 10. h4 Bb7 11. d3 d5 12. Nbd2 dxc4 13. dxc4 Nd6 14. Qc2 Nf5 15. O-O-O Qc7 16. Bd3 Rad8 17.
Bxf5 exf5 18. Qxf5 Bxf3 19. Qxf3 Rd3 20. h5 Rfd8 21. g6 fxg6 22. hxg6 hxg6 23. Rh8+ Kxh8 24. Qf7 Nb3+ 25. Kb1 Nxd2+ 26. Kc2 R3d4 27. Rh1+ Bh4 28. Qxc7 Rxc4+ 29. Bc3 Rxc3+ 30. Kxc3 Ne4+ 31. Kc2 Rd2+ 32. Kc1 g5 33. Qc8+ Kh7 34. Qf5+ Kh6 35. Qxe4 Rxf2 36. Rxh4+ gxh4 37. Qxh4+ 1-0

[Event "*** Titled Tuesday Blitz"]
[Site "Chess.com"]
[Date "2020.11.10"]
[Round "1"]
[White "PlotnikovPavel"]
[Black "jefferyx"]
[Result "0-1"]
[WhiteElo "2461"]
[BlackElo "2965"]
[TimeControl "180+1"]
[EndTime "10:05:49 PST"]
[Termination "jefferyx won by checkmate"]

1. e4 c5 2. Nc3 e6 3. Nge2 Nc6 4. d4 cxd4 5. Nxd4 a6 6. Be3 Nf6 7. Qf3 Bb4 8. Be2 d5 9. Nxc6 bxc6 10. e5 Nd7 11. Qg3 g6 12. O-O Bb7 13. a3 Be7 14. Bf3 Qc7 15. Bf4 g5 16. Be3 Qxe5 17. Qh3 h5 18. Rad1 g4 19. Bxg4 hxg4 20. Qg3 Qxg3 21. fxg3 c5 22. Bd4 cxd4 23. Rxd4 Bc5 24. Ne2 e5 25. c3 exd4 26. cxd4 Bb6 27. Re1 O-O-O 28. Rc1+ Kb8 29. Nf4 Bxd4+ 30. Kf1 Rxh2 31. Nxd5 Bxd5 32. Ke2 Be4 33. Rc4 Rxg2+ 34. Kf1 Rg1+ 35. Ke2 Ne5 36. Rb4+ Ka7 37. Rb3 Bf3+ 38. Kd2 Bxb2+ 39. Kc2 Rg2+ 40.
Kb1 Rd1+ 41. Ka2 Ra1# 0-1

[Event "*** Titled Tuesday Blitz"]
[Site "Chess.com"]
[Date "2020.11.10"]
[Round "1"]
[White "Zq1"]
[Black "Marianov_Podstavnikov"]
[Result "0-1"]
[WhiteElo "2540"]
[BlackElo "2234"]
[TimeControl "180+1"]
[EndTime "10:05:49 PST"]
[Termination "Marianov_Podstavnikov won by resignation"]

1. d4 Nf6 2. c4 e6 3. Nc3 Bb4 4. e3 d5 5. Bd3 e5 6. dxe5 dxc4 7. Qa4+ Nc6 8. Bxc4 Ne4 9. Ne2 Nc5 10. Qc2 Nxe5 11. a3 Nxc4 12. axb4 Nd3+ 13. Kf1 O-O 14. Nd4 Nxb4 15.
Qb3 c5 16. Qxc4 cxd4 17. Qxb4 dxc3 18. Qxc3 Bf5 19. f3 Rc8 20. Qd4 Rc2 21. g4 Qxd4 22.
exd4 Bd3+ 23. Kg1 Re8 0-1

[Event "*** Titled Tuesday Blitz"]
[Site "Chess.com"]
[Date "2020.11.10"]
[Round "1"]
[White "RD4ever"]
[Black "Dinamo3"]
[Result "1-0"]
[WhiteElo "2824"]
[BlackElo "2405"]
[TimeControl "180+1"]
[EndTime "10:05:50 PST"]
[Termination "RD4ever won by resignation"]

1. e4 c6 2. d4 d5 3. e5 c5 4. dxc5 Nc6 5. a3 e6 6. Nf3 Bxc5 7. b4 Bb6 8. Bb2 Nge7 9. Bd3 a6 10. O-O Ng6 11. Re1 Nh4 12. Nbd2 Bd7 13. c4 Nxf3+ 14. Qxf3 dxc4 15. Nxc4 Bc7 16. Rad1 Qg5 17. Be4 Rd8 18. Nd6+ Bxd6 19. Rxd6 Qe7 20. Red1 O-O 21. Qd3 Bc8 22. Bxh7+ Kh8 23. Qh3 Qg5 24. Be4+ Qh6 25. Qxh6+ gxh6 26. Bxc6 Rxd6 27. exd6+ 1-0

[Event "*** Titled Tuesday Blitz"]
[Site "Chess.com"]
[Date "2020.11.10"]
[Round "1"]
[White "ExtremeLearner"]
[Black "GigaQuparadze"]
[Result "0-1"]
[WhiteElo "2377"]
[BlackElo "2735"]
[TimeControl "180+1"]
[EndTime "10:05:57 PST"]
[Termination "GigaQuparadze won by resignation"]

1. d4 Nf6 2. Nf3 e6 3. g3 b5 4.
Bg2 c5 5. O-O Bb7 6. Bg5 Na6 7. e4 Bxe4 8. Nc3 Bc6 9. d5 Bb7 10.
dxe6 fxe6 11. Nxb5 Qb6 12. c4 Be7 13. a4 O-O 14. a5 Qd8 15. Ne5 Bxg2 16. Kxg2 d5 17.
Nc6 Qd7 18. Nxe7+ Qxe7 19. cxd5 Qb7 20. Bxf6 Rxf6 21. Nc3 Rd8 22. Ne4 Rff8 23. Rc1 Rxd5 24. Qg4 Re5 25. f3 Qxb2+ 26. Kh1 Qb7 27. Rcd1 Qe7 28.
Rd3 h5 29. Qh3 c4 30. Rc3 Qb4 31. Rfc1 Qxa5 32. Rxc4 Qd5 33. Qh4 Rxf3 34. Rc8+ Kh7 35. Re8 Qxe4 36. Qxe4+ Rxe4 37. Rcc8 Rf2 38. Rg8 0-1

[Event "*** Titled Tuesday Blitz"]
[Site "Chess.com"]
[Date "2020.11.10"]
[Round "1"]
[White "GregShahade"]
[Black "JoachimMouhamad"]
[Result "1-0"]
[WhiteElo "2700"]
[BlackElo "2354"]
[TimeControl "180+1"]
[EndTime "10:05:58 PST"]
[Termination "GregShahade won by checkmate"]

1. e4 e5 2. Nf3 Nc6 3. Bb5 a6 4.
Ba4 Nf6 5. O-O Be7 6. Re1 b5 7. Bb3 d6 8. c3 O-O 9. h3 Nb8 10. d4 Nbd7 11. Nbd2 Bb7 12. Bc2 Re8 13. Nf1 Bf8 14. Ng3 g6 15. a4 c5 16. d5 c4 17.
Bg5 h6 18. Be3 Nc5 19. Qd2 h5 20. Bg5 Be7 21. Ra3 Nfd7 22. Be3 Qc7 23. Ng5 Nb6 24.
Bxc5 Qxc5 25. Ne6 fxe6 26. Qh6 Rf8 27. Qxg6+ Kh8 28. Re3 Rf6 29. Qxh5+ Kg7 30. Nf5+ exf5 31. Rg3+ Kf8 32. Qh8+ Kf7 33. Rg7# 1-0

[Event "*** Titled Tuesday Blitz"]
[Site "Chess.com"]
[Date "2020.11.10"]
[Round "1"]
[White "mishanick"]
[Black "Marcin"]
[Result "1-0"]
[WhiteElo "3051"]
[BlackElo "2470"]
[TimeControl "180+1"]
[EndTime "10:06:00 PST"]
[Termination "mishanick won by resignation"]

1. c4 Nf6 2. d4 g6 3. Nc3 Bg7 4. e4 d6 5. Be2 O-O 6. Be3 Na6 7. Nf3 e5 8. d5 Ng4 9. Bg5 Qe8 10. Nd2 h6 11.
Bh4 Nf6 12. a3 c6 13. b4 Nd7 14. f3 f5 15. Bf2 Nf6 16. O-O f4 17. Nb3 Qe7 18.
dxc6 bxc6 19. c5 d5 20. exd5 cxd5 21. Nxd5 Nxd5 22. Qxd5+ Be6 23. Qe4 Nc7 24. Na5 Bf5 25. Qc4+ Kh7 26. Rae1 e4 27. fxe4 Be6 28. Qc2 Be5 29.
Nc6 Qf6 30. Nxe5 Qxe5 31. Rd1 Rad8 32. c6 g5 33. Qc5 Qg7 34. Bd4 Qf7 35. Be5 Rxd1 36. Rxd1 g4 37. Bxc7 Qxc7 38. Qxf8 1-0

[Event "*** Titled Tuesday Blitz"]
[Site "Chess.com"]
[Date "2020.11.10"]
[Round "1"]
[White "alexrustemov"]
[Black "Nemsko"]
[Result "1-0"]
[WhiteElo "2715"]
[BlackElo "2365"]
[TimeControl "180+1"]
[EndTime "10:06:02 PST"]
[Termination "alexrustemov won by resignation"]

1. d4 Nf6 2. Nf3 d5 3. c4 e6 4. Nc3 Be7 5. cxd5 exd5 6. Bg5 c6 7. Qc2 h6 8. Bh4 Be6 9. e3 O-O 10. Bd3 Nbd7 11. O-O Rc8 12. Rab1 b6 13. Ba6 Ra8 14.
Bb7 Rb8 15. Bxc6 Rc8 16. Qa4 Qc7 17. Bb5 Bd6 18. Rfc1 Qb8 19. Ba6 Rc7 20. Nb5 Rxc1+ 21. Rxc1 Ne4 22. Qc2 Ndf6 23. Nxd6 Qxd6 24. a3 Bd7 25.
Qc7 Qxc7 26. Rxc7 Ra8 27. Ne5 Be6 28. f3 Nd2 29. Kf2 Nb3 30. Ke2 Na5 31. b4 Nc4 32. Bxf6 gxf6 33. Nxc4 dxc4 34. Bxc4 Kf8 35. d5 Bf5 36. e4 Bc8 37. d6 Be6 38. Bxe6 fxe6 39. Rh7 Rd8 40. Rh8+ 1-0

[Event "*** Titled Tuesday Blitz"]
[Site "Chess.com"]
[Date "2020.11.10"]
[Round "1"]
[White "Anna_ChessMate"]
[Black "martynkovaelena"]
[Result "1-0"]
[WhiteElo "2602"]
[BlackElo "2281"]
[TimeControl "180+1"]
[EndTime "10:06:02 PST"]
[Termination "Anna_ChessMate won on time"]

1. d4 Nf6 2. c4 g6 3. Nf3 Bg7 4. Nc3 O-O 5. g3 d6 6. Bg2 Nbd7 7. O-O e5 8. h3 c6 9. e4 Re8 10. Re1 h6 11. Qc2 exd4 12. Nxd4 Nb6 13. b3 c5 14.
Nf3 Nxe4 15. Nxe4 Bxa1 16. Bxh6 Bf5 17. Rxa1 Bxe4 18. Qc3 f6 19. Rd1 Qe7 20. Bf4 d5 21. cxd5 Nxd5 22. Qc4 Qe6 23. Bc1 b6 24. Bb2 Rad8 25.
Re1 f5 26. Ng5 Qe7 27. Nxe4 fxe4 28. Rxe4 Qf7 29. Rxe8+ Qxe8 30. Bxd5+ 1-0

[Event "*** Titled Tuesday Blitz"]
[Site "Chess.com"]
[Date "2020.11.10"]
[Round "1"]
[White "pheonixking2000"]
[Black "Luklei18"]
[Result "1-0"]
[WhiteElo "2775"]
[BlackElo "2391"]
[TimeControl "180+1"]
[EndTime "10:06:03 PST"]
[Termination "pheonixking2000 won on time"]

1. d4 Nf6 2. c4 g6 3. Nc3 Bg7 4. e4 d6 5. Be2 O-O 6. Be3 a6 7. Nf3 Bg4 8. O-O Nc6 9. d5 Bxf3 10.
Bxf3 Ne5 11. Be2 c6 12. Rc1 Rc8 13. Qb3 Qc7 14. dxc6 bxc6 15. c5 Rb8 16. Qc2 a5 17. h3 Rb4 18. a3 Rb7 19. f4 Ned7 20. cxd6 exd6 21. Nb5 Qb8 22. Qxc6 Nc5 23. e5 Nfe4 24. Nxd6 Nxd6 25. exd6 Nd7 26. Bf3 Rb3 27. Bf2 Rd8 28. Qc7 Rxb2 29. Bh4 f6 30. Rfe1 Bf8 31. Bd5+ Kh8 32.
Re7 Qc8 33. Qxc8 1-0

[Event "*** Titled Tuesday Blitz"]
[Site "Chess.com"]
[Date "2020.11.10"]
[Round "1"]
[White "Borsuk_Konstantin"]
[Black "pavelalexandru07"]
[Result "1-0"]
[WhiteElo "2615"]
[BlackElo "2299"]
[TimeControl "180+1"]
[EndTime "10:06:04 PST"]
[Termination "Borsuk_Konstantin won by resignation"]

1. d4 Nf6 2. c4 c5 3. d5 e6 4. Nc3 exd5 5. cxd5 d6 6. Nf3 g6 7. g3 Bg7 8. Bg2 O-O 9. O-O Re8 10. Nd2 a6 11. a4 Nbd7 12. Nc4 Ne5 13. Na3 Nh5 14.
Rb1 f5 15. b4 b6 16. Qb3 Rf8 17. e3 Qf6 18. Ne2 g5 19. Bd2 Qh6 20. Nc4 Nxc4 21. Qxc4 f4 22. exf4 b5 23. fxg5 bxc4 24. gxh6 Bf6 25.
bxc5 c3 26. Bxc3 Bxc3 27. Nxc3 Bf5 28. Rb6 dxc5 29. d6 Nf6 30. Bxa8 Rxa8 31. Re1 Nd7 32. Rb7 Kf7 33. Re7+ Kf6 34. Rexd7 1-0

[Event "*** Titled Tuesday Blitz"]
[Site "Chess.com"]
[Date "2020.11.10"]
[Round "1"]
[White "mikheeva86"]
[Black "vanyakuba"]
[Result "0-1"]
[WhiteElo "2003"]
[BlackElo "2501"]
[TimeControl "180+1"]
[EndTime "10:06:04 PST"]
[Termination "vanyakuba won on time"]

1. e4 d5 2. exd5 Qxd5 3. Nc3 Qa5 4. Bc4 Nf6 5. d3 Bg4 6. Nf3 Nc6 7. Bd2 O-O-O 8. h3 Qh5 9. Bxf7 Qxf7 10. hxg4 Nxg4 11.
Qe2 e5 12. O-O-O Bc5 13. Rhf1 h6 14. Kb1 Rhe8 15. Ne4 Bb6 16. Bc3 Kb8 17. Nh4 Qd7 18.
Nf3 a5 19. a3 a4 20. Ned2 Nd4 0-1

[Event "*** Titled Tuesday Blitz"]
[Site "Chess.com"]
[Date "2020.11.10"]
[Round "1"]
[White "saraswathii"]
[Black "esapunov"]
[Result "0-1"]
[WhiteElo "2363"]
[BlackElo "2710"]
[TimeControl "180+1"]
[EndTime "10:06:06 PST"]
[Termination "esapunov won by resignation"]

1. e4 c5 2. d3 Nc6 3. Nf3 g6 4. g3 Bg7 5. Bg2 e5 6. O-O Nge7 7. c3 O-O 8. a3 d6 9. b4 a6 10. Nh4 Be6 11. Nd2 Rc8 12. Bb2 cxb4 13. axb4 d5 14.
Rc1 d4 15. Nhf3 dxc3 16. Bxc3 Qxd3 17. Ng5 Qd7 18. Nxe6 Qxe6 19. Qa4 Nd4 20. Bxd4 exd4 21. Nb3 b5 22. Qa3 Rc3 23. Rxc3 dxc3 24. Nc5 Qc4 25. Nxa6 Ra8 26. e5 Ra7 27. f4 Qc8 28. Ra1 c2 0-1

[Event "*** Titled Tuesday Blitz"]
[Site "Chess.com"]
[Date "2020.11.10"]
[Round "1"]
[White "xberli"]
[Black "Nachsueb"]
[Result "1-0"]
[WhiteElo "2536"]
[BlackElo "2161"]
[TimeControl "180+1"]
[EndTime "10:06:08 PST"]
[Termination "xberli won by checkmate"]

1. c3 e5 2. f3 Nf6 3. Kf2 d5 4.
Ke3 Bc5+ 5. d4 exd4+ 6. cxd4 Qe7+ 7. Kd2 Bxd4 8. Nc3 Qe3+ 9. Kc2 Bf5+ 10. Kb3 Qe5 11.
f4 Qd6 12. Qxd4 Nc6 13. Qa4 d4 14. Nb5 Qd5+ 15. Ka3 Qc5+ 16. b4 Qb6 17. Nf3 a5 18. Kb2 O-O 19. e4 dxe3 20. Qb3 axb4 21. Bxe3 Qxb5 22.
Bxb5 Na5 23. Qxb4 Nd5 24. Qd4 c6 25. Rac1 cxb5 26. Qxd5 Nc4+ 27. Rxc4 bxc4 28. Qxf5 c3+ 29. Ka1 Ra3 30. Rc1 Rfa8 31. Rc2 b5 32. Ng5 b4 33.
Qxh7+ Kf8 34. Bc5+ Ke8 35. Qe4+ Kd7 36. Qd5+ Kc7 37.
Qd6+ Kb7 38. Qb6+ Kc8 39. Qc6+ Kd8 40. Nxf7# 1-0